 Dungeon Crawl Stone Soup version 0.18.1-48-g4cf74bf (webtiles) character file.

886 tyranidshit the Fighter (level 7, -9/74 HPs)
             Began as a Deep Dwarf Necromancer on July 22, 2016.
             Killed by divine providence
             ... invoked by an orc priest
              (11 damage)
             ... on level 5 of the Dungeon.
             The game lasted 00:12:12 (3127 turns).

tyranidshit the Fighter (Deep Dwarf Necromancer)    Turns: 3127, Time: 00:12:13

Health: -9/74      AC:  9    Str: 13    XL:     7   Next: 77%
Magic:  8/8        EV: 11    Int: 20    God:
Gold:   271        SH:  0    Dex: 13    Spells: 1 memorised, 8 levels left

rFire  . . .     SeeInvis .     p - -1 hand axe (curse)
rCold  . . .     Gourm    .     o - +0 ring mail
rNeg   . . .     Faith    .     (no shield)
rPois  .         Spirit   .     (no helmet)
rElec  .         Dismiss  .     u - +1 cloak
rCorr  .         Reflect  .     i - +1 pair of gloves
SustAt .         Harm     .     (no boots)
MR     +....                    (no amulet)
Stlth  +.........               (no ring)
                                v - +4 ring of intelligence

@: non-regenerating, somewhat resistant to hostile enchantments, very unstealthy
A: damage resistance, recharge devices, sense surroundings 1, slow regeneration
3
a: Device Recharging


You were on level 5 of the Dungeon.
You were not hungry.

You visited 1 branch of the dungeon, and saw 5 of its levels.

You collected 271 gold pieces.

Inventory:

Hand Weapons
 f - a +0 dagger
 l - a +0 falchion
 n - a +0 quarterstaff
 p - a cursed -1 hand axe (weapon)
 t - a +1 vampiric war axe
Armour
 i - a +1 pair of gloves (worn)
 o - a +0 ring mail (worn)
 u - a +1 cloak (worn)
Jewellery
 g - an uncursed ring of ice
 v - a +4 ring of intelligence (left hand)
Wands
 c - a wand of heal wounds (2/9)
 e - a wand of flame (0/48)
 m - a wand of iceblast (0/15)
 q - a wand of flame (6/48)
Scrolls
 h - a scroll of identify
 r - a scroll of amnesia
Potions
 a - a potion of ambrosia
 k - 4 potions of curing
 s - 2 potions of flight
Books
 b - a book of Necromancy

   Spells                             Type                      Level
   a - Pain                           Necromancy                   1
   b - Animate Skeleton               Necromancy                   1
   c - Vampiric Draining              Necromancy                   3
   d - Regeneration                   Charms/Necromancy            3
   e - Animate Dead                   Necromancy                   4
   f - Control Undead                 Necromancy                   4
 d - a book of Debilitation

   Spells                             Type                      Level
   a - Corona                         Hexes                        1
   b - Slow                           Hexes                        2
   c - Gell's Gravitas                Hexes/Translocation          3
   d - Inner Flame                    Hexes/Fire                   3
   e - Cause Fear                     Hexes                        4
   f - Leda's Liquefaction            Hexes/Earth                  4
Comestibles
 j - a meat ration
 w - 4 fruits
 x - a slice of pizza


   Skills:
 + Level 8.0 Fighting
 - Level 2.1 Dodging
 - Level 2.4 Stealth
 - Level 1.7 Spellcasting
 - Level 4.3 Necromancy


You had 8 spell levels left.
You knew the following spells:

 Your Spells              Type           Power        Failure   Level  Hunger
a - Pain                  Necr           ###.         8%          1    #......


Dungeon Overview and Level Annotations

Branches:
Dungeon (5/15)
 Temple: D:4-7

Altars:
Dithmenos
Elyvilon
Okawaru
Ru
Yredelemnul


Innate Abilities, Weirdness & Mutations

You are resistant to damage.
You can recharge devices by infusing magical energy.
You passively map a small area around you.
You do not regenerate naturally.


Message History

Press: ? - help, Shift-Dir - straight line, f - you You feel much better.
This wand has 2 charges left.
The orc priest looks braver for a moment.
The orc wizard casts a spell.
The orc wizard seems to speed up.
The orc priest calls down the wrath of Beogh upon you.
Beogh smites you!
* * * LOW HITPOINT WARNING * * *
The phantom blinks!
You hear a shout!
The orc wizard miscasts a cantrip.
The phantom blinks!
The orc wizard miscasts a cantrip.
The orc priest looks braver for a moment.
The orc wizard casts a spell at you. The puff of frost hits you!
* * * LOW HITPOINT WARNING * * *
The orc priest calls down the wrath of Beogh upon you.
Beogh smites you!
You die...

...>.# #..........## #.......#
.....# #..........# #.......#
#.#### #..........#####.......###
..# #..........##.............
..#######..................#####.
.......#....W.....##.......# .
.......#..........#>.......######
..............$...#..............
..........o.....@...#....####.###
...........o.............##.....#
...........o.............#.......
#.................#......#.......
#......##.######.#..#........_...
.......#..##.....#.###...#.......
.........###.#####.###.#.#.......
.......####..###.........##.....#
.)#...## #..............####.###


You could see a phantom, an orc priest, an orc wizard and an orc.

Vanquished Creatures
  Sigmund (D:3)
  2 sky beasts (D:5)
  An ice beast (D:5)
  A centaur (D:5)
  Blork the orc (D:5)
  A scorpion (D:4)
  A centaur zombie (D:5)
  A hound (D:4)
  A centaur skeleton (D:5)
  2 worker ants
  3 adders
  An ooze (D:1)
  A dart slug (D:1)
  2 worms (D:5)
  3 giant geckos (D:1)
  10 orcs
  A bat (D:2)
  3 giant cockroaches
  4 goblins
  5 hobgoblins
  4 jackals (D:4)
  3 quokkas
  10 giant newts
  3 kobolds
  7 rats
72 creatures vanquished.

Notes
Turn   | Place    | Note
--------------------------------------------------------------
     0 | D:1      | tyranidshit the Deep Dwarf Necromancer began the quest for the Orb.
     0 | D:1      | Reached XP level 1. HP: 15/15 MP: 3/3
     6 | D:1      | Noticed a polar bear
     7 | D:1      | Noticed a rime drake
     7 | D:1      | Noticed a hog
   115 | D:1      | Reached skill level 1 in Fighting
   162 | D:1      | Reached XP level 2. HP: 15/25 MP: 4/4
   526 | D:1      | Reached skill level 2 in Fighting
   638 | D:1      | Reached XP level 3. HP: 22/33 MP: 5/5
   874 | D:2      | Found a sacrificial altar of Ru.
   922 | D:2      | Found a shadowy altar of Dithmenos.
  1327 | D:3      | Reached skill level 3 in Fighting
  1373 | D:3      | Noticed Sigmund
  1378 | D:3      | Killed Sigmund
  1378 | D:3      | Reached skill level 5 in Fighting
  1378 | D:3      | Reached XP level 4. HP: 17/46 MP: 6/6
  1378 | D:3      | Reached XP level 5. HP: 19/52 MP: 7/7
  1841 | D:4      | Found an iron altar of Okawaru.
  2025 | D:4      | Reached XP level 6. HP: 49/61 MP: 8/8
  2386 | D:5      | Entered Level 5 of the Dungeon
  2386 | D:5      | Noticed an ice beast
  2508 | D:5      | Noticed Blork the orc
  2526 | D:5      | Killed Blork the orc
  2526 | D:5      | Reached skill level 6 in Fighting
  2532 | D:5      | Noticed a sky beast
  2544 | D:5      | Killed a sky beast
  2628 | D:5      | Reached XP level 7. HP: 52/70 MP: 9/9
  2656 | D:5      | Reached skill level 7 in Fighting
  2854 | D:5      | Found a basalt altar of Yredelemnul.
  2936 | D:5      | Reached skill level 8 in Fighting
  3009 | D:5      | Found a white marble altar of Elyvilon.
  3112 | D:5      | HP: 3/74 [orc priest/divine providence (8)]
  3127 | D:5      | HP: 2/74 [orc wizard/puff of frost (6)]
  3127 | D:5      | Killed from afar by an orc priest

Skill      XL: |  1  2  3  4  5  6  7 |
---------------+----------------------+-----
Fighting       | 1 2 5 6 8 |  8.0
Dodging        | |  2.1
Stealth        | |  2.4
Spellcasting   | |  1.7
Necromancy     | |  4.3

Action                   |  1- 3 |  4- 6 |  7- 9 || total
-------------------------+-------+-------+-------++-------
Melee: Dagger            |    74 |       |       ||    74
       Hand axe          |    59 |   121 |    60 ||   240
 Cast: Pain              |     4 |       |       ||     4
 Abil: Device Recharging |       |       |     1 ||     1
Evoke: Wand              |     4 |    29 |    29 ||    62
  Use: Scroll            |     4 |     6 |     3 ||    13
       Potion            |     4 |       |       ||     4
 Stab: Sleeping          |     7 |     2 |       ||     9
  Eat: Bread ration      |     1 |       |     1 ||     2
       Beef jerky        |       |     1 |       ||     1
Armor: Robe              |    20 |       |       ||    20
       Ring mail         |    15 |    65 |    66 ||   146
Dodge: Dodged            |   102 |   110 |    52 ||   264
